[ AOE2 MATCH · #504952893 ]
UnrankedMongols vs Wei
Player's team · WIN
Rival team · LOSS
[ REPLAY ANALYSIS · EXTRACTED FROM THE RECORDED GAME ]
Feudal
8:25
Castle
19:50
Imperial
—
| APM avg | 85.8 |
| APM peak | 149 |
| eAPM avg | 28.8 |
| Villagers / military | 47 / 36 |
Focus
⚔️ 43.7% · 🌾 56.3%
Archer ×25 · Militia ×7 · Spearman ×3 · Battering Ram ×1
Feudal
8:34
Castle
—
Imperial
—
| APM avg | 48.3 |
| APM peak | 93 |
| eAPM avg | 24.6 |
| Villagers / military | 50 / 18 |
Focus
⚔️ 34.5% · 🌾 65.5%
Scout Cavalry ×10 · Skirmisher ×7 · Spearman ×1
Match map
Initial resources + every placement click. Lines = walls · curves = elevation contours. ◆ gold · ⬟ stone · ● berries · ✦ relic · ◌ wall gap
Your base· Open — 4t gap
SneakySalmon's base· Open — unwalled flank
Smoothed initial terrain · ◌ = detected wall gap · hover for details
Inputs per minute
— -GNG-OverHabit - - SneakySalmon
Build order — -GNG-OverHabit
148 actions detected in the replay
| 0:00 | Queue | Villager (Male) |
| 0:00 | Queue | Villager (Male) |
| 0:01 | Queue | Villager (Male) |
| 0:01 | Build | House |
| 0:02 | Build | House |
| 0:04 | Queue | Villager (Male) |
| 0:04 | Queue | Villager (Male) |
| 1:35 | Queue | Villager (Male) |
| 1:47 | Queue | Villager (Male) |
| 1:47 | Queue | Villager (Male) |
| 1:51 | Build | Lumber Camp |
| 2:17 | Queue | Villager (Male) |
| 2:18 | Queue | Villager (Male) |
| 2:27 | Queue | Villager (Male) |
| 2:55 | Queue | Villager (Male) |
| 2:55 | Queue | Villager (Male) |
| 2:55 | Queue | Villager (Male) |
| 3:34 | Queue | Villager (Male) |
| 3:34 | Queue | Villager (Male) |
| 3:51 | Build | House |
| 4:04 | Queue | Villager (Male) |
| 4:04 | Queue | Villager (Male) |
| 4:04 | Queue | Villager (Male) |
| 4:45 | Build | Barracks |
| 4:59 | Queue | Villager (Male) |
| 5:21 | Research | Loom |
| 5:35 | Build | House |
| 5:50 | Research | Feudal Age |
| 5:50 | Research | Feudal Age |
| 6:02 | Queue | Militia |
| 6:02 | Queue | Militia |
| 6:08 | Build | Palisade Wall |
| 6:23 | Queue | Militia |
| 6:23 | Queue | Militia |
| 6:38 | Build | Mill |
| 6:47 | Queue | Militia |
| 6:47 | Queue | Militia |
| 6:47 | Queue | Militia |
| 7:19 | Build | Palisade Wall |
| 7:58 | Build | House |
| 8:15 | Queue | Villager (Male) |
| 8:25 | Age | Feudal Age |
| 8:30 | Research | Man-at-Arms (upgrade) |
| 8:30 | Research | Man-at-Arms (upgrade) |
| 8:30 | Research | Double-Bit Axe |
| 8:31 | Research | Double-Bit Axe |
| 8:31 | Research | Double-Bit Axe |
| 8:32 | Queue | Villager (Male) |
| 8:46 | Build | Archery Range |
| 9:18 | Queue | Villager (Male) |
| 9:41 | Queue | Villager (Male) |
| 9:57 | Build | Mining Camp |
| 10:01 | Queue | Villager (Male) |
| 10:05 | Build | Farm |
| 10:05 | Build | Farm |
| 10:13 | Build | Palisade Wall |
| 10:25 | Queue | Villager (Male) |
| 10:27 | Queue | Spearman |
| 10:49 | Queue | Villager (Male) |
| 10:55 | Build | Palisade Wall |
| 10:56 | Build | Palisade Wall |
| 11:02 | Queue | Archer |
| 11:02 | Queue | Archer |
| 11:07 | Build | House |
| 11:07 | Queue | Villager (Male) |
| 11:12 | Build | Farm |
| 11:20 | Build | Palisade Wall |
| 11:28 | Queue | Archer |
| 11:28 | Queue | Archer |
| 11:29 | Queue | Archer |
| 11:30 | Queue | Spearman |
| 11:32 | Queue | Villager (Male) |
| 11:34 | Build | House |
| 12:01 | Build | Farm |
| 12:16 | Build | Farm |
| 12:21 | Build | Palisade Wall |
| 12:22 | Build | Palisade Wall |
| 12:23 | Queue | Villager (Male) |
| 12:36 | Build | Farm |
| 12:42 | Build | Palisade Wall |
| 12:46 | Queue | Archer |
| 12:47 | Queue | Archer |
| 12:47 | Queue | Archer |
| 12:56 | Queue | Archer |
| 12:56 | Queue | Villager (Male) |
| 13:21 | Build | Palisade Gate |
| 13:24 | Build | Palisade Gate |
| 13:32 | Queue | Villager (Male) |
| 13:42 | Queue | Villager (Male) |
| 13:59 | Build | Palisade Wall |
| 14:04 | Queue | Villager (Male) |
| 14:08 | Queue | Archer |
| 14:08 | Queue | Archer |
| 14:32 | Queue | Villager (Male) |
| 14:50 | Queue | Villager (Male) |
| 14:54 | Build | House |
| 15:08 | Queue | Archer |
| 15:15 | Build | Farm |
| 15:26 | Build | Farm |
| 15:29 | Build | Farm |
| 15:32 | Build | Farm |
| 15:35 | Build | Farm |
| 15:43 | Queue | Villager (Male) |
| 16:07 | Queue | Villager (Male) |
| 16:11 | Build | Blacksmith |
| 16:27 | Queue | Villager (Male) |
| 16:34 | Queue | Archer |
| 16:34 | Queue | Archer |
| 16:41 | Build | Farm |
| 17:10 | Research | Castle Age |
| 17:11 | Research | Castle Age |
| 17:12 | Queue | Archer |
| 17:26 | Build | Archery Range |
| 17:35 | Build | Palisade Wall |
| 17:37 | Build | Palisade Wall |
| 17:53 | Queue | Archer |
| 17:53 | Queue | Archer |
| 18:06 | Queue | Spearman |
| 18:12 | Research | Fletching |
| 18:12 | Research | Fletching |
| 18:23 | Queue | Archer |
| 19:02 | Queue | Villager (Male) |
| 19:03 | Queue | Archer |
| 19:07 | Queue | Archer |
| 19:13 | Build | House |
| 19:30 | Build | Palisade Wall |
| 19:50 | Age | Castle Age |
| 19:53 | Research | Bodkin Arrow |
| 19:53 | Research | Bodkin Arrow |
| 19:54 | Queue | Villager (Male) |
| 19:59 | Queue | Villager (Male) |
| 20:07 | Build | Siege Workshop |
| 20:15 | Research | Crossbowman (upgrade) |
| 20:15 | Research | Crossbowman (upgrade) |
| 20:24 | Queue | Villager (Male) |
| 21:04 | Queue | Battering Ram |
| 21:05 | Queue | Villager (Male) |
| 21:20 | Queue | Villager (Male) |
| 21:20 | Queue | Archer |
| 21:23 | Build | House |
| 21:23 | Queue | Villager (Male) |
| 21:25 | Build | Palisade Wall |
| 21:30 | Queue | Archer |
| 21:31 | Queue | Archer |
| 21:46 | Build | House |
| 21:59 | Queue | Archer |
| 21:59 | Queue | Archer |
| 22:06 | Queue | Villager (Male) |
Build order — SneakySalmon
124 actions detected in the replay
| 0:00 | Queue | Villager (Male) |
| 0:01 | Queue | Villager (Male) |
| 0:01 | Queue | Villager (Male) |
| 0:01 | Queue | Villager (Male) |
| 0:02 | Build | House |
| 0:06 | Build | House |
| 1:31 | Queue | Villager (Male) |
| 1:52 | Build | Lumber Camp |
| 1:55 | Queue | Villager (Male) |
| 2:30 | Queue | Villager (Male) |
| 2:30 | Queue | Villager (Male) |
| 2:51 | Queue | Villager (Male) |
| 2:51 | Queue | Villager (Male) |
| 3:13 | Queue | Villager (Male) |
| 3:13 | Queue | Villager (Male) |
| 3:39 | Queue | Villager (Male) |
| 3:39 | Queue | Villager (Male) |
| 3:39 | Queue | Villager (Male) |
| 3:53 | Build | House |
| 3:55 | Build | House |
| 4:08 | Queue | Villager (Male) |
| 4:16 | Queue | Villager (Male) |
| 4:29 | Queue | Villager (Male) |
| 4:44 | Build | Mill |
| 5:35 | Queue | Villager (Male) |
| 5:41 | Research | Loom |
| 6:24 | Research | Feudal Age |
| 6:24 | Research | Feudal Age |
| 7:31 | Build | Barracks |
| 7:47 | Queue | Villager (Male) |
| 8:34 | Age | Feudal Age |
| 8:40 | Build | Stable |
| 8:41 | Queue | Spearman |
| 8:44 | Queue | Villager (Male) |
| 8:50 | Research | Double-Bit Axe |
| 8:51 | Research | Double-Bit Axe |
| 9:06 | Build | House |
| 9:10 | Queue | Villager (Male) |
| 9:40 | Queue | Villager (Male) |
| 9:44 | Queue | Villager (Male) |
| 9:57 | Queue | Scout Cavalry |
| 10:20 | Queue | Villager (Male) |
| 10:47 | Queue | Villager (Male) |
| 10:47 | Queue | Villager (Male) |
| 10:58 | Research | Horse Collar |
| 11:04 | Queue | Villager (Male) |
| 11:21 | Build | Palisade Wall |
| 11:31 | Queue | Villager (Male) |
| 11:40 | Build | Farm |
| 11:40 | Queue | Scout Cavalry |
| 11:45 | Build | House |
| 11:48 | Build | Palisade Wall |
| 11:50 | Build | Palisade Wall |
| 11:53 | Build | Farm |
| 11:58 | Queue | Villager (Male) |
| 12:03 | Build | Farm |
| 12:13 | Queue | Scout Cavalry |
| 12:24 | Queue | Villager (Male) |
| 12:25 | Queue | Villager (Male) |
| 12:30 | Build | House |
| 12:41 | Queue | Villager (Male) |
| 12:45 | Build | Farm |
| 12:47 | Build | House |
| 12:51 | Build | House |
| 12:53 | Build | Palisade Wall |
| 12:59 | Queue | Scout Cavalry |
| 13:19 | Queue | Villager (Male) |
| 13:24 | Build | Farm |
| 13:32 | Queue | Scout Cavalry |
| 13:32 | Queue | Scout Cavalry |
| 13:45 | Queue | Villager (Male) |
| 13:54 | Build | Watch Tower |
| 14:04 | Queue | Villager (Male) |
| 14:08 | Build | Farm |
| 14:12 | Build | Farm |
| 14:17 | Build | House |
| 14:20 | Build | Palisade Wall |
| 14:34 | Queue | Scout Cavalry |
| 14:35 | Queue | Villager (Male) |
| 14:59 | Queue | Scout Cavalry |
| 15:05 | Queue | Scout Cavalry |
| 15:10 | Build | Mining Camp |
| 15:14 | Queue | Villager (Male) |
| 15:22 | Build | Farm |
| 15:29 | Build | House |
| 15:34 | Queue | Villager (Male) |
| 15:44 | Build | Farm |
| 15:45 | Queue | Villager (Male) |
| 15:47 | Build | Farm |
| 15:59 | Build | Farm |
| 16:22 | Build | Farm |
| 16:24 | Build | Farm |
| 16:25 | Queue | Villager (Male) |
| 16:40 | Queue | Villager (Male) |
| 16:47 | Build | Farm |
| 17:02 | Research | Wheelbarrow |
| 17:02 | Research | Wheelbarrow |
| 17:15 | Build | Farm |
| 17:21 | Queue | Villager (Male) |
| 18:08 | Build | Archery Range |
| 18:56 | Queue | Villager (Male) |
| 19:09 | Queue | Skirmisher |
| 19:09 | Queue | Skirmisher |
| 19:11 | Build | Blacksmith |
| 19:22 | Build | Farm |
| 19:25 | Build | Farm |
| 19:26 | Queue | Villager (Male) |
| 19:35 | Queue | Skirmisher |
| 19:38 | Queue | Villager (Male) |
| 19:48 | Build | Farm |
| 20:07 | Research | Fletching |
| 20:08 | Queue | Skirmisher |
| 20:09 | Queue | Villager (Male) |
| 20:09 | Queue | Villager (Male) |
| 20:12 | Build | Farm |
| 20:25 | Build | Farm |
| 20:30 | Queue | Villager (Male) |
| 21:18 | Research | Castle Age |
| 21:18 | Research | Castle Age |
| 21:19 | Queue | Skirmisher |
| 21:22 | Queue | Skirmisher |
| 21:44 | Queue | Skirmisher |
| 21:45 | Queue | Villager (Male) |
| 21:46 | Queue | Scout Cavalry |
Match timeline
| 4:45 | -GNG-OverHabit · first_building Barracks |
| 6:08 | -GNG-OverHabit · wall_segment Palisade Wall x8 |
| 7:19 | -GNG-OverHabit · wall_segment Palisade Wall x1 |
| 7:31 | SneakySalmon · first_building Barracks |
| 8:25 | -GNG-OverHabit · age_up feudal |
| 8:34 | SneakySalmon · age_up feudal |
| 8:40 | SneakySalmon · first_building Stable |
| 8:46 | -GNG-OverHabit · first_building Archery Range |
| 10:13 | -GNG-OverHabit · wall_segment Palisade Wall x5 |
| 10:55 | -GNG-OverHabit · wall_segment Palisade Wall x1 |
| 10:56 | -GNG-OverHabit · wall_segment Palisade Wall x1 |
| 11:20 | -GNG-OverHabit · wall_segment Palisade Wall x7 |
| 11:21 | SneakySalmon · wall_segment Palisade Wall x1 |
| 11:48 | SneakySalmon · wall_segment Palisade Wall x1 |
| 11:50 | SneakySalmon · wall_segment Palisade Wall x1 |
| 12:21 | -GNG-OverHabit · wall_segment Palisade Wall x1 |
| 12:22 | -GNG-OverHabit · wall_segment Palisade Wall x4 |
| 12:42 | -GNG-OverHabit · wall_segment Palisade Wall x4 |
| 12:53 | SneakySalmon · wall_segment Palisade Wall x7 |
| 13:59 | -GNG-OverHabit · wall_segment Palisade Wall x1 |
| 14:20 | SneakySalmon · wall_segment Palisade Wall x1 |
| 17:35 | -GNG-OverHabit · wall_segment Palisade Wall x1 |
| 17:37 | -GNG-OverHabit · wall_segment Palisade Wall x1 |
| 18:08 | SneakySalmon · first_building Archery Range |
| 19:30 | -GNG-OverHabit · wall_segment Palisade Wall x1 |
| 19:50 | -GNG-OverHabit · age_up castle |
| 20:07 | -GNG-OverHabit · first_building Siege Workshop |
| 21:25 | -GNG-OverHabit · wall_segment Palisade Wall x1 |
| 22:12 | SneakySalmon · resign |
[ AI ANALYSIS · 1 CREDIT ]
What really happened in this match?
Wolo.gg analyzes every decision: build order, eco, micro, common mistakes by bracket. Personalized analysis on WhatsApp or Discord in 30 seconds.
Civ guide
Mongols
Perfil
Jugador #10111805